 Dungeon Crawl Stone Soup version 0.25.1-2-g60ff931df9 (webtiles) character file.

Game seed: 2303438511012914061

1118 Cazemata the Cleaver (level 8, -3/64 HPs)
             Began as a Minotaur Berserker on Oct 30, 2020.
             Was a Priest of Trog.
             Slain by an orc warrior
             ... wielding a +0 scimitar
              (13 damage)
             ... on level 6 of the Dungeon.
             The game lasted 00:21:52 (4560 turns).

Cazemata the Cleaver (Minotaur Berserker)           Turns: 4560, Time: 00:21:53

Health: -3/64      AC: -13   Str: 21    XL:     8   Next: 12%
Magic:  7/7        EV: 11    Int:  6    God:    Trog [***...]
Gold:   129        SH:  0    Dex: 11    Spells: 7/7 levels left

rFire    . . .     SeeInvis .   a - +0 hand axe
rCold    . . .     Gourm    .   (no shield)
rNeg     . . .     Faith    .   o - +0 ring mail
rPois    .         Spirit   .   (helmet restricted)
rElec    .         Reflect  .   (no cloak)
rCorr    .         Harm     .   (no gloves)
MR       .....                  A - +0 pair of boots
Stlth    +.........             w - amulet of the acrobat
HPRegen  0.20/turn              (no ring)
MPRegen  0.10/turn              (no ring)

@: corroded, lightly drained
A: retaliatory headbutt, horns 2
a: Berserk, Trog's Hand, Renounce Religion


You were on level 6 of the Dungeon.
You worshipped Trog.
Trog was most pleased with you.
You were not hungry.

You visited 1 branch of the dungeon, and saw 6 of its levels.

You collected 129 gold pieces.

Inventory:

Hand Weapons
 a - a +0 hand axe (weapon)
 u - a +4 quarterstaff of chaos
 y - the +8 demon trident "Rift" {distort, reach+}
   (You found it on level 3 of the Dungeon)

   It warps and distorts space around it.
   Unwielding it can cause banishment or high damage.
Missiles
 f - 47 poisoned darts (quivered)
 z - 3 curare-tipped darts
Armour
 b - a +0 animal skin
 e - a +0 leather armour
 o - a +0 ring mail (worn)
 A - a +0 pair of boots (worn)
 D - a +1 robe of positive energy
Jewellery
 w - an amulet of the acrobat (around neck)
 x - an uncursed amulet of faith
Wands
 n - a wand of polymorph (3)
Scrolls
 d - 4 scrolls of identify
 h - 2 scrolls of teleportation {unknown}
 k - 6 scrolls of remove curse {unknown}
 l - a scroll of magic mapping {unknown}
 r - 4 scrolls of fog {unknown}
 t - 2 scrolls of enchant weapon {unknown}
 v - a scroll of amnesia {unknown}
 B - a scroll of noise {unknown}
Potions
 g - 2 potions of degeneration {unknown}
 i - 3 potions of ambrosia {unknown}
 j - a potion of cancellation {unknown}
 m - 2 potions of heal wounds {unknown}
 p - 5 potions of flight {unknown}
 q - 2 potions of mutation {unknown}
 s - 3 potions of curing {unknown}
Comestibles
 c - 6 rations


   Skills:
 - Level 3.6(3.5) Fighting
 + Level 11.8(11.7) Axes
 - Level 2.4(2.3) Armour
 - Level 2.1 Dodging


You had 7 spell levels left.
You didn't know any spells.
Your spell library was empty.

Dungeon Overview and Level Annotations

Branches:
Dungeon (6/15)
 Temple: D:4-7

Altars:
Wu Jian
Xom

Portals:
Abyss: D:3


Innate Abilities, Weirdness & Mutations

You reflexively headbutt those who attack you in melee.
You have a pair of horns on your head.


Message History

You closely miss the orc.
The orc is severely wounded.
The orc closely misses you. You furiously retaliate!
You headbutt the orc, but do no damage. You closely miss the orc.
You headbutt the orc.
You kill the orc!
Trog accepts your kill. The orc hits you.
* * * LOW HITPOINT WARNING * * *
Things that are here:
a +0 ring mail; an orc corpse You hit the orc but do no damage.
Your headbutt misses the orc.
You hit the orc warrior but do no damage.
You hit the orc warrior but do no damage.
You hit the orc warrior but do no damage.
The orc warrior closely misses you.
You hit the orc warrior but do no damage.
You headbutt the orc warrior, but do no damage.
The orc warrior hits you with a +0 scimitar!
You die...

..#########
.......<†.#
#.#######@#
#o# #o# #o#
#.# #.# #.#
..#


You could see an orc warrior and 2 orcs.

Vanquished Creatures
  2 small abominations (D:3)
  The ghost of chimenez the Insei, an amateur OpTm (D:3)
  A sky beast (D:4)
  A scorpion (D:4)
  A howler monkey (D:4)
  Crazy Yiuf (D:2)
  3 orc priests (D:4)
  4 orc wizards (D:4)
  An iron imp (D:3)
  Terence (D:2)
  Natasha (thrice) (D:2)
  3 worker ants
  3 gnolls (D:4)
  3 adders
  An ufetubus (D:3)
  An ooze (D:4)
  A worm (D:2)
  A dart slug (D:1)
  20 orcs
  5 giant cockroaches
  5 goblins
  8 hobgoblins
  12 jackals
  2 quokkas (D:4)
  A ball python skeleton (D:4)
  4 bats
  3 frilled lizards
  3 kobolds
  7 rats
102 creatures vanquished.

Notes
Turn   | Place    | Note
-------+----------+-------------------------------------------
     0 | D:1      | Cazemata the Minotaur Berserker began the quest for the
                  | Orb.
     0 | D:1      | Reached XP level 1. HP: 19/19 MP: 0/0
   207 | D:1      | Reached skill level 4 in Axes
   270 | D:1      | Reached XP level 2. HP: 22/26 MP: 1/1
   880 | D:2      | Reached skill level 5 in Axes
   889 | D:2      | Noticed Terence
   922 | D:2      | Killed Terence
   922 | D:2      | Reached XP level 3. HP: 13/31 MP: 2/2
  1174 | D:2      | Reached ** piety under Trog
  1176 | D:2      | Noticed Natasha
  1181 | D:2      | Killed Natasha
  1181 | D:2      | Reached skill level 6 in Axes
  1181 | D:2      | Reached XP level 4. HP: 30/39 MP: 3/3
  1254 | D:2      | Noticed Natasha
  1265 | D:2      | Killed Natasha
  1329 | D:2      | Noticed Natasha
  1338 | D:2      | Killed Natasha
  1338 | D:2      | Reached XP level 5. HP: 32/45 MP: 4/4
  1445 | D:2      | Reached skill level 7 in Axes
  1560 | D:2      | Found a runed translucent door.
  1561 | D:2      | Noticed Crazy Yiuf
  1641 | D:2      | Killed Crazy Yiuf
  1903 | D:3      | Noticed a small abomination
  2378 | D:3      | Found a shimmering altar of Xom.
  2388 | D:3      | Found an ornate altar of the Wu Jian Council.
  2502 | D:3      | Found a transporter.
  2506 | D:3      | Found a transporter.
  2516 | D:3      | Found a one-way gate to the infinite horrors of the Abyss.
  2516 | D:3      | Noticed chimenez's ghost (amateur OpTm)
  2544 | D:3      | Found the +8 demon trident "Rift" {distort, reach+}
  2549 | D:3      | Noticed a small abomination
  2825 | D:3      | Killed chimenez's ghost
  2825 | D:3      | Reached skill level 8 in Axes
  2825 | D:3      | Reached XP level 6. HP: 25/51 MP: 5/5
  3074 | D:3      | Killed a small abomination
  3074 | D:3      | Reached skill level 9 in Axes
  3081 | D:3      | Reached XP level 7. HP: 48/57 MP: 6/6
  3220 | D:4      | Reached skill level 10 in Axes
  3451 | D:4      | Reached *** piety under Trog
  3462 | D:4      | Reached skill level 11 in Axes
  4025 | D:4      | Reached XP level 8. HP: 58/64 MP: 7/7
  4511 | D:5      | Entered Level 5 of the Dungeon
  4560 | D:6      | Slain by an orc warrior

Illustrated notes

Levels and vault maps discovered:
D:1:      dpeg_chamrin_arrival_tetris, layout_loops_ring
D:2:      layout_rooms, chequers_arboretum, uniq_crazy_yiuf_cottage,
          uniq_terence, uniq_natasha
D:3:      layout_loops_corners, minitemple, gammafunk_ghost_abyssal_escape
D:4:      layout_cave_pools, first_ration
D:5:      minmay_chambers_of_threes, layout_rooms, lemuel_round_altar,
          gammafunk_ghost_nasty_kobolds, basic_altar, minmay_divided_ellipse
D:6:      layout_loops_ring, minmay_temple_entry_slanted,
          gammafunk_ghost_abyssal_escape, serial_aquarium,
          aquarium_bridge_square [aquarium_subvault_wall,
          aquarium_subvault_bridge, aquarium_subvault_bridge,
          aquarium_subvault_bridge], aquarium_bridge_long_joined
          [aquarium_subvault_wall, aquarium_subvault_wall,
          aquarium_subvault_balcony, aquarium_subvault_balcony,
          aquarium_subvault_window, aquarium_subvault_bridge],
          aquarium_window_fake, aquarium_window_fake, aquarium_view_2b,
          aquarium_balcony_3a, aquarium_pool_four, basic_altar

Skill      XL: |  1  2  3  4  5  6  7 |
---------------+----------------------+-----
Axes           | 4 5 6 8 9 11 | 11.8
Fighting       | |  3.6
Armour         | |  2.4
Dodging        | |  2.1

Action                   |  1- 3 |  4- 6 |  7- 9 || total
-------------------------+-------+-------+-------++-------
Melee: Hand axe          |    54 |    76 |   141 ||   271
       Headbutt          |    10 |    19 |    23 ||    52
       Unarmed           |     8 |       |       ||     8
Invok: Berserk           |       |     2 |     1 ||     3
  Use: Scroll            |       |     2 |       ||     2
  Eat: Chunk             |     1 |     3 |       ||     4
       Ration            |       |     1 |     2 ||     3
Armor: Leather armour    |     8 |     5 |    10 ||    23
       Ring mail         |       |       |     1 ||     1
Dodge: Dodged            |    43 |    46 |   114 ||   203
